 Dungeon Crawl Stone Soup version 0.30-a0-4-ga7cffc901d (webtiles) character file.

Game seed: 9074753727952022163

704 siradein the Trooper (level 7, -2/46 HPs)
             Began as a Gargoyle Fighter on Aug 21, 2022.
             Killed by nerve-wracking pain
             ... invoked by an orc priest
              (5 damage)
             ... on level 3 of the Dungeon.
             The game lasted 00:05:30 (3974 turns).

siradein the Trooper (Gargoyle Fighter)             Turns: 3974, Time: 00:05:30

Health: -2/46      AC: 16    Str: 20    XL:     7   Next: 67%
Magic:  7/7        EV:  9    Int: 10    God:
Gold:   100        SH:  9    Dex:  9    Spells: 6/6 levels left

rFire   . . .      SeeInvis .    a - +0 flail
rCold   . . .      Faith    .    c - +0 buckler
rNeg    + . .      Spirit   .    b - +0 scale mail
rPois   ∞          Reflect  +    (no helmet)
rElec   +          Harm     .    (no cloak)
rCorr   .          Rampage  .    (no gloves)
Will    .....                    (no boots)
Stlth   ..........               m - amulet of reflection
HPRegen 0.15/turn                i - +4 ring of protection
MPRegen 0.10/turn                (no ring)

@: no status effects
A: sickness immunity, AC +4, negative energy resistance 1, electricity
resistance, torment resistance 1, petrification resistance
a: no special abilities


You were on level 3 of the Dungeon.
You visited 1 branch of the dungeon, and saw 3 of its levels.

You collected 100 gold pieces.

Inventory:

Hand Weapons
 a - a +0 flail (weapon)
Missiles
 t - a throwing net (quivered)
Armour
 b - a +0 scale mail (worn)
 c - a +0 buckler (worn)
Jewellery
 i - a +4 ring of protection (left hand)
 m - an amulet of reflection (around neck)
Wands
 p - a wand of flame (21)
Scrolls
 f - a scroll of identify {unknown}
 g - 2 scrolls of magic mapping {unknown}
 h - a scroll of blinking {unknown}
 j - 2 scrolls of teleportation {unknown}
 k - a scroll of amnesia {unknown}
 n - 2 scrolls of silence {unknown}
 o - a scroll of immolation {unknown}
 r - a scroll of poison {unknown}
 s - a scroll of noise {unknown}
Potions
 d - a potion of might
 e - 4 potions of curing {unknown}
 l - a potion of lignification {unknown}
 q - a potion of flight {unknown}


   Skills:
 + Level 6.0 Fighting
 + Level 4.8 Maces & Flails
 + Level 6.0 Armour
 - Level 4.0 Shields


You had 6 spell levels left.
You didn't know any spells.
Your spell library contained the following spells:

 Spells                   Type           Power      Damage    Failure   Level
 Petrify                  Tmut/Erth      0%         N/A       100%        4
 Irradiate                Conj/Tmut      0%         3d11      100%        5
 Sublimation of Blood     Necr           Unusable   N/A       N/A         2

Dungeon Overview and Level Annotations

Branches:
Dungeon (3/15)

Altars:
Elyvilon
Trog

Shops:
D:3 [


Innate Abilities, Weirdness & Mutations

You are immune to sickness and miasma.
Your stone body is resilient. (AC +4)
You are immune to poison.
You resist negative energy. (rN+)
You are resistant to electric shocks. (rElec)
You are resistant to unholy torment.
You are immune to petrification.


Message History

An orc comes into view. It is wielding a +0 hand axe.
You hit the orc priest but do no damage.
The orc priest is heavily wounded.
The orc hits you but does no damage.
The orc priest hits you but does no damage.
The orc hits you but does no damage. You block the orc's attack.
The orc priest hits you with a +0 club.
* * * LOW HITPOINT WARNING * * *
You hit the orc priest but do no damage.
The orc priest is heavily wounded.
You block the orc's attack. The orc closely misses you.
The orc priest hits you but does no damage.
You block the orc's attack.
Unknown command.
You barely miss the orc priest.
The orc priest is heavily wounded.
You block the orc's attack. The orc priest barely misses you.
You block the orc's attack.
Unknown command.
You hit the orc priest.
The orc priest is severely wounded.
You block the orc's attack.
The orc priest hits you but does no damage.
You block the orc's attack.
Unknown command.
You barely miss the orc priest.
The orc priest is severely wounded.
The orc barely misses you.
The orc priest looks satisfied for a moment.
The orc hits you but does no damage.
You hit the orc priest.
The orc priest is severely wounded.
The orc hits you but does no damage. You block the orc priest's attack.
Unknown command.
You hit the orc priest.
The orc priest is almost dead.
You block the orc's attack.
The orc priest invokes the aid of Beogh against you.
Pain shoots through your body!
You die...

.#.#.#)#.#.#.#))# #.#..######
###.###.###.###.# #<#..# # # ###
### ###.).# #....###### #.####
#.#........
#############....################
..............)....)......
~~~~~≈~~~≈~~~~)....~~~~≈~~
≈≈≈≈≈≈≈≈≈≈≈≈≈≈≈....≈≈≈~≈≈≈
###~~~~~~~~≈~~~o@.)~≈~~~≈~
..#.|........))ooo........
..#############''''####### #'#
#....# #.. #....# # #....# #
#....# # #....# # '....'o


You could see an orc priest and 3 orcs.

Vanquished Creatures
  Sigmund (D:3)
  A gnoll sergeant (D:3)
  4 howler monkeys (D:3)
  A hound (D:3)
  An orc wizard (D:3)
  15 gnolls (D:3)
  An adder (D:2)
  A worm (D:2)
  4 dart slugs
  6 orcs (D:3)
  3 ball pythons
  4 endoplasms
  2 giant cockroaches
  12 goblins
  10 hobgoblins
  9 jackals (D:3)
  7 kobolds
  3 quokkas (D:3)
  10 bats
  8 frilled lizards
  5 rats
108 creatures vanquished.

Vanquished Creatures (others)
  A gnoll (D:3)
  2 plants (D:3)
3 creatures vanquished.

Grand Total: 111 creatures vanquished

Notes
Turn   | Place    | Note
-------+----------+-------------------------------------------
     0 | D:1      | siradein the Gargoyle Fighter began the quest for the Orb.
     0 | D:1      | Reached XP level 1. HP: 14/14 MP: 1/1
   211 | D:1      | Reached XP level 2. HP: 19/19 MP: 2/2
   505 | D:1      | Reached XP level 3. HP: 17/23 MP: 3/3
  1408 | D:2      | Reached XP level 4. HP: 29/29 MP: 4/4
  1641 | D:2      | Found a white marble altar of Elyvilon.
  2448 | D:3      | Reached XP level 5. HP: 30/33 MP: 5/5
  2703 | D:3      | Reached XP level 6. HP: 21/40 MP: 6/6
  2734 | D:3      | Reached skill level 5 in Fighting
  2734 | D:3      | Reached skill level 5 in Armour
  3161 | D:3      | Found a bloodstained altar of Trog.
  3262 | D:3      | Found Noemixt's Antique Armour Shoppe.
  3320 | D:3      | Noticed Sigmund
  3325 | D:3      | Killed Sigmund
  3326 | D:3      | Reached XP level 7. HP: 44/44 MP: 7/7
  3334 | D:3      | Found a faded altar of an unknown god.
  3667 | D:3      | Identified the +1 robe of Light {rF+ rN+ rCorr}
  3968 | D:3      | HP: 2/46 [orc priest/+0 club (3)]
  3974 | D:3      | Killed from afar by an orc priest

Illustrated notes

Levels and vault maps discovered:
D:1:      eino_arrival_water_cross, layout_loops_corners,
          minmay_misc_feat_diagonals, minmay_liquid_box
D:2:      layout_basic, basic_altar, minivault_25
D:3:      lemuel_castle_with_subvaults [lemuel_castle_interior_carwin_2],
          layout_basic, trog_butcher_becter, chequers_ecumenical_altar_grove,
          serial_shops, nicolae_shop_trees, grunt_decor_resistance, uniq_sigmund

Skill      XL: |  1  2  3  4  5  6  7 |
---------------+----------------------+-----
Shields        | 4 |  4.0
Fighting       | 4 5 6 |  6.0
Armour         | 4 5 6 |  6.0
Maces & Flails | 3 4 |  4.8

Action                   |  1- 3 |  4- 6 |  7- 9 || total
-------------------------+-------+-------+-------++-------
Melee: Flail             |   137 |   245 |    91 ||   473
Armor: Scale mail        |    87 |   178 |    62 ||   327
Dodge: Dodged            |    74 |   150 |    31 ||   255
Block: Buckler           |    37 |   153 |    61 ||   251
       Reflection        |       |     1 |     3 ||     4

Table legend: (Time is in decaauts)
 A = Elapsed time spent in this place.
 B = Non-inter-level travel time spent in this place.
 C = Inter-level travel time spent in this place.
 D = Time resting spent in this place.
 E = Time spent auto-exploring this place.
 F = Levels seen in this place.
 G = Mean time per level.
                   A        B        C        D        E       F      G
               +--------+--------+--------+--------+--------+-----+--------+
         Total |   4110 |   4058 |     52 |    401 |   2608 |   3 | 1370.0 |
       Dungeon |   4110 |   4058 |     52 |    401 |   2608 |   3 | 1370.0 |
               +--------+--------+--------+--------+--------+-----+--------+

Top non-repeatable levels by time:
     D:3: 1816 daAuts
     D:1: 1170 daAuts
     D:2: 1123 daAuts
